Get step-by-step instructions on how to execute this build order below. Start the game timer, and the build order will tick by so you can play in parallel with StarCraft on a second screen or mobile device.

Game Time

  0:00

Last Step

  N/A

Next Step

Upcoming Step



Don't want to look back and forth between 2 screens? Try out our Overwolf App, the Spawning Tool Build Advisor to get an in-game overlay with this build!

Complete Build Order

  12  0:00  SCV  
  13  0:12  SCV  
  14  0:18  Supply Depot  
  14  0:24  SCV  
  15  0:39  SCV  
  15  0:40  Barracks  
  16  0:48  Refinery  
  16  0:51  SCV  
  17  0:58  Supply Depot  
  17  1:04  SCV  
  18  1:16  SCV  
  19  1:19  Barracks  
  19  1:30  Barracks  
  19  1:34  Marine  
  19  1:39  SCV  
  21  1:52  Marine  
  22  1:57  Orbital Command  
  22  2:06  Barracks Tech Lab  
  22  2:10  Marine  
  23  2:17  Marine  
  23  2:21  Supply Depot  
  24  2:24  Stimpack  
  26  2:30  Marauder  
  26  2:33  Marine  
  26  2:36  Marine  
  28  2:51  Marauder, Marine  
  31  2:54  Marine  
  31  2:58  Supply Depot  
  32  3:09  Marine  
  32  3:11  Marine  
  36  3:12  Marauder  
  36  3:21  Supply Depot  
  36  3:26  Marine  
  37  3:29  Marine  
  37  3:34  Marauder  
  40  3:44  Marine  
  40  3:47  Marine  
  42  3:55  Marauder  
  44  4:02  Marine  
  45  4:05  Marine  
  46  4:17  Marauder  
  37  4:20  Marine  
  37  4:23  Marine  
  32  4:31  Concussive Shells  
  32  4:32  Factory  
  32  4:38  Marauder, Marine  
  32  4:40  Marine  
  32  4:55  Marine  
  32  4:59  Marauder  
  29  5:00  Marine  
  28  5:13  Marine  
  29  5:18  Marine  
  29  5:19  Factory Tech Lab  
  29  5:21  Marauder  
  32  5:23  Combat Shield  
  32  5:26  Command Center  
  32  5:31  Marine  
  33  5:36  Marine  
  33  5:42  Marauder  
  34  5:49  Marine  
  34  6:03  Marauder  
  33  6:08  Marine x2  
  32  6:11  SCV  
  32  6:16  Siege Tank  
  36  6:23  SCV  
  36  6:25  Marauder  
  39  6:26  Marine  
  39  6:32  Marine  
  41  6:40  Supply Depot  
  41  6:43  Barracks  
  41  6:44  Marine  
  41  6:45  Barracks  
  41  6:46  Marauder  
  44  6:57  Marine  
  45  7:01  Marine  
  45  7:04  Refinery  
  45  7:06  Orbital Command  
  45  7:08  SCV, Marauder  
  49  7:15  Marine  
  50  7:20  SCV  
  50  7:22  Siege Tank  
  52  8:05  SCV  
  52  8:06  SCV  
  51  8:17  Marauder  
  51  8:18  Barracks Reactor, Barracks Tech Lab, Marine x2, SCV x2  
  57  8:22  Siege Tank  
  60  8:30  SCV x2  
  62  8:36  Marine x2  
  62  8:39  Marauder  
  65  8:54  Marine  
  66  8:59  Siege Tank  
  58  9:22  Marauder x2, Marine x4  
  39  9:31  Siege Tank  
  42  9:39  Marine x2  
  42  9:43  Marauder x2  
  44  9:57  Marine x2  
  44  9:58  Marine x2  
  46  10:04  Marauder x2, Siege Tank  
  51  10:15  Marine x3  
  51  10:16  Marine  
  55  10:26  Marauder  
  53  10:30  Marauder  
  53  10:33  Marine x3  
  53  10:34  Marine  
  56  10:37  Siege Tank  
  56  10:38  SCV x2  
  61  10:45  Refinery  
  61  10:47  Refinery, Marauder  
  63  10:51  Marine, SCV x2, Marauder, Engineering Bay  
  68  11:03  SCV x2  
  70  11:08  Marauder  
  72  11:14  Marauder, Marine x4  
  78  11:22  SCV  
  78  11:24  SCV  
  77  11:32  Marauder, Marine x2  
  78  11:37  Marine  
  78  11:49  Marine  
  78  11:51  Marine  
  78  11:53  Marine  
  77  11:54  Marauder, Marine  
  77  11:55  Marauder  
  77  11:56  Siege Tank  
  53  12:09  SCV x2  
  54  12:16  Marauder x2  
  54  12:21  SCV x2  
  60  12:28  Siege Tank  
  63  12:33  SCV  
  61  12:52  Marauder  
  61  12:53  Marauder  
  65  13:00  Siege Tank  
  58  13:14  Marauder x2  
  58  13:19  Marine x4  
  66  13:34  Marine  
  66  13:35  Marine  
  66  13:36  Marine  
  66  13:37  SCV  
  70  13:53  Marauder  
  56  14:00  Marine x4  
  56  14:01  Marine  
  56  14:34  Marine x5  
  56  14:35  Marine  
  62  14:38  SCV x2  
  64  14:51  SCV x2  
  66  15:03  SCV  
  55  15:36  SCV x2  
  57  15:48  SCV x2  
  59  15:53  Siege Tank  
  62  16:00  SCV x2, Marine x2  
  62  16:01  Marauder, Marine x3  
  71  16:12  SCV  
  71  16:17  Starport, Marine x2  
  74  16:30  SCV x2  
  76  16:34  Command Center  
  76  16:38  Missile Turret  
  76  16:42  SCV x2  
  76  16:46  Supply Depot  
  78  17:07  Siege Tank  
  81  17:24  Medivac  
  81  17:27  Marauder, Marine  
  86  17:34  Supply Depot  
  86  17:37  Supply Depot  
  86  17:45  SCV x2, Marine x3, Planetary Fortress  
  86  17:46  Marauder  
  93  17:54  Medivac  
  93  17:57  SCV x2  
  97  17:59  Supply Depot  
  97  18:00  Supply Depot  
  97  18:12  Missile Turret  
  97  18:23  SCV x3  
  97  18:24  Medivac  
  102  18:35  SCV x3  
  105  18:47  SCV x3  
  108  18:53  Siege Tank  
  108  18:54  Marauder  
  108  18:55  Marauder, Marine x3, Command Center  
  115  18:59  Barracks Reactor  
  118  19:24  Refinery  
  118  19:29  Marauder x2, Marine x3  
  125  19:40  Command Center  
  125  19:47  Marine x3  
  125  19:50  Marine  
  100  20:22  Marauder  
  100  20:23  Marauder, Marine x3  
  59  20:43  Marine x3  
  59  20:44  Marauder x2, Marine x2  
  59  20:45  Siege Tank  
  70  21:01  Marine x5  
  74  21:05  Marauder x2  
  78  21:12  Medivac  
  78  21:14  Command Center  
  78  21:17  Siege Tank  
  83  21:20  Missile Turret  
  83  21:27  Marauder x2  
  74  21:42  Medivac  
  76  21:48  Marauder  
  76  21:50  Missile Turret  
  76  21:52  Missile Turret  
  62  22:22  Orbital Command  
  58  22:37  Marine  
  45  23:14  Command Center  
  31  23:21  Marine x2  
  31  23:23  Widow Mine